AoeStats
← Lord_Wilfredo

Arena

508156455Analyzed
4v4 RM · 11d ago on Sep 21, 2026· 48m 28s· 8 players
Game mode
Random Map
Map size
Large (8 player)
Population
200
Speed
Normal
Resources
Standard
Victory
Conquest
Starting age
Dark Age
Ending age
Imperial Age
RankedLock teamsTeams togetherTeam positionsShared explorationLock speedFull tech treeHidden civsTurbo modeCheats
Victory
Defeat
🇲🇽 Italians · Mexico
1463
+12
🇲🇽 Persians · Mexico
1386
+15
🇲🇽 Slavs · Mexico
1373
+16
🇲🇽 Ethiopians · Mexico
1352
+17
🇧🇷 Magyars · Brazil
1415
-17
🇹🇼 Khmer · Taiwan
1383
-15
🇦🇷 Franks · Argentina
1370
-15
🇲🇽 Spanish · Mexico
1319
-13
CARAVEO
1:49 Loom
10:55 Feudal Age
15:29 Castle Age
14:14 Horse Collar
14:20 Double-Bit Axe
21:48 Wheelbarrow
25:00 Heavy Plow
26:18 Hand Cart
27:04 Bow Saw
30:19 Imperial Age
31:43 Conscription
31:15 Fletching
31:58 Padded Archer Armor
32:23 Bodkin Arrow
32:51 Ballistics
33:32 Chemistry
33:13 Masonry
32:48 Arrowslits
33:20 Leather Archer Armor
32:29 Elite Skirmisher
34:41 Town Watch
36:11 Bracer
37:22 Ring Archer Armor
Muniz
10:24 Feudal Age
14:13 Castle Age
12:23 Double-Bit Axe
12:47 Horse Collar
20:05 Loom
21:47 Bow Saw
22:02 Fletching
23:20 Wheelbarrow
22:38 Town Watch
23:35 Wheelbarrow
24:30 Padded Archer Armor
24:57 Gold Mining
24:57 Stone Mining
25:14 Heavy Plow
26:30 Thumb Ring
26:24 Bodkin Arrow
26:44 Leather Archer Armor
27:08 Hand Cart
27:23 Husbandry
28:49 Ballistics
31:33 Imperial Age
29:30 Bloodlines
31:43 Heavy Cavalry Archer
32:48 Parthian Tactics
32:32 Bracer
33:44 Two-Man Saw
33:48 Chemistry
37:02 Ring Archer Armor
39:20 Light Cavalry
41:51 Siege Engineers
42:02 Elite Skirmisher
43:31 Conscription
Lord_Wilfredo
10:15 Feudal Age
11:05 Loom
12:19 Double-Bit Axe
14:46 Castle Age
15:41 Bow Saw
23:55 Gold Mining
28:02 Imperial Age
25:42 Scale Barding Armor
26:33 Wheelbarrow
26:09 Town Watch
26:36 Forging
28:16 Iron Casting
28:01 Hand Cart
28:30 Cavalier
30:11 Conscription
30:16 Chain Barding Armor
30:56 Blast Furnace
32:23 Chemistry
32:01 Paladin
32:44 Husbandry
33:40 Padded Archer Armor
35:05 Gold Shaft Mining
36:29 Plate Barding Armor
36:47 #83
42:53 Elite Skirmisher
43:57 Fletching
44:47 Bodkin Arrow
45:09 Leather Archer Armor
46:33 Ballistics
46:02 Light Cavalry
超可愛小海豹
9:38 Feudal Age
13:42 Castle Age
12:30 Double-Bit Axe
14:53 Wheelbarrow
14:50 Horse Collar
17:02 Loom
21:27 Bow Saw
21:41 Heavy Plow
28:44 Imperial Age
26:04 Town Watch
26:13 Gold Mining
27:01 Stone Mining
27:58 Forging
27:55 Scale Barding Armor
28:41 Bloodlines
28:55 Chain Barding Armor
29:13 Iron Casting
29:08 Husbandry
29:51 Gold Shaft Mining
29:51 Stone Shaft Mining
29:59 Stone Shaft Mining
29:05 Elite Battle Elephant
30:23 Plate Barding Armor
30:54 Blast Furnace
30:55 Crop Rotation
30:47 Fletching
31:30 Hand Cart
32:19 Fortified Wall
33:19 Conscription
32:50 Elite Ballista Elephant
34:06 Ballistics
35:21 Chemistry
35:22 Double Crossbow
36:14 Siege Engineers
36:08 Bodkin Arrow
39:55 Masonry
39:52 Tusk Swords
39:29 Light Cavalry
40:24 Bracer
42:34 Hoardings
44:27 Padded Archer Armor
44:49 Elite Skirmisher
46:43 Leather Archer Armor
DiegoAzul10
10:09 Feudal Age
13:38 Castle Age
11:50 Horse Collar
12:11 Double-Bit Axe
14:42 Bow Saw
21:18 Heavy Plow
21:24 Stone Mining
22:51 Gold Mining
24:13 Stone Shaft Mining
24:41 Wheelbarrow
26:14 Hand Cart
29:19 Imperial Age
26:43 Fletching
27:29 Bodkin Arrow
27:35 Padded Archer Armor
29:08 Ballistics
29:08 Leather Archer Armor
29:21 Thumb Ring
29:30 Loom
31:07 Chemistry
29:38 Elite Genoese Crossbowman
31:00 Conscription
31:18 Bracer
31:56 Ring Archer Armor
32:11 Crop Rotation
32:44 Hoardings
32:22 Masonry
33:32 Architecture
32:43 Treadmill Crane
33:43 Scale Mail Armor
33:46 Squires
33:07 Pikeman
33:32 Arson
34:05 Murder Holes
35:53 Two-Man Saw
37:23 Town Watch
38:26 Coinage
38:08 Guilds
39:14 Fortified Wall
40:13 Banking
40:02 Chain Mail Armor
40:51 Onager
[A2PL]Jdbcervantes
10:15 Feudal Age
14:14 Castle Age
13:33 Double-Bit Axe
13:30 Horse Collar
20:28 Bow Saw
22:26 Gold Mining
22:59 Heavy Plow
22:51 Town Watch
24:27 Wheelbarrow
28:15 Imperial Age
26:18 Hand Cart
26:15 Forging
26:10 Scale Barding Armor
27:34 Iron Casting
27:30 Husbandry
27:42 Bloodlines
28:02 Chain Barding Armor
27:55 Cavalier
29:20 Loom
30:39 Gold Shaft Mining
31:07 Plate Barding Armor
31:47 Blast Furnace
31:32 Crop Rotation
31:18 Savar
33:25 Two-Man Saw
38:42 Town Patrol
40:17 Light Cavalry
45:27 Hussar
48:47 Scale Mail Armor
48:37 Fletching
48:48 Padded Archer Armor
49:11 Conscription
utenrreyra
11:05 Feudal Age
15:07 Castle Age
13:20 Double-Bit Axe
14:44 Horse Collar
16:53 Loom
17:25 Bow Saw
21:34 Wheelbarrow
25:33 Gold Mining
25:35 Stone Mining
25:46 Heavy Plow
27:03 Gold Shaft Mining
27:07 Stone Shaft Mining
29:55 Imperial Age
28:33 Hand Cart
28:05 Town Watch
28:38 Fletching
28:49 Padded Archer Armor
29:11 Ballistics
29:17 Bodkin Arrow
30:03 Thumb Ring
30:18 Leather Archer Armor
30:31 Masonry
29:42 Crossbowman
30:50 Fortified Wall
30:18 Arbalester
31:51 Bracer
33:19 Chemistry
33:31 Ring Archer Armor
36:00 Conscription
36:55 Chemistry
36:27 Architecture
35:44 Elite Skirmisher
42:08 Guilds
42:27 Heavy Cavalry Archer
42:41 Heavy Scorpion
43:02 Capped Ram
45:08 Two-Man Saw
44:20 Siege Ram
45:52 Siege Engineers
45:43 Murder Holes
45:11 Elite Shotel Warrior
46:55 Scale Mail Armor
47:06 Forging
46:58 Squires
46:43 Arson
46:19 Halberdier
46:19 Man-at-Arms
47:40 Coinage
47:11 Caravan
49:12 Chain Mail Armor
49:32 Iron Casting
[A2PL]JUANDDCAB
10:39 Feudal Age
16:13 Castle Age
14:26 Double-Bit Axe
14:41 Horse Collar
20:04 Wheelbarrow
20:22 Loom
24:19 Hand Cart
24:14 Heavy Plow
24:53 Town Watch
25:21 Bow Saw
26:02 Gold Mining
27:45 Detinets
29:35 Gold Shaft Mining
32:21 Imperial Age
30:29 Forging
30:24 Scale Barding Armor
30:44 Stone Mining
32:21 Iron Casting
32:20 Chain Barding Armor
32:22 Husbandry
32:33 Bloodlines
34:22 Blast Furnace
33:45 Conscription
32:58 Elite Boyar
33:30 Man-at-Arms
34:10 Squires
35:28 Two-Man Saw
35:00 Crop Rotation
34:37 Long Swordsman
34:39 Pikeman
35:58 Plate Barding Armor
35:24 Scale Mail Armor
38:48 Fletching
39:30 Halberdier
40:28 Chain Mail Armor
40:59 Siege Engineers
41:55 Chemistry
41:28 Onager
43:01 Bodkin Arrow
42:46 Siege Onager
47:11 Masonry
Connection lost

Rejoining the realm…

Still unreachable

The connection could not be restored.

Session expired

The server has moved on; the page needs a fresh start.